Map: 뉴 리퍼그넌시 - 래더

Players

Scarlett

  • Race: Zerg Zerg
  • League: Diamond

Maru - Winner!

  • Race: Terran Terran

Event: WESG 2018 Grand Finals

VOD

Have the link to the VOD?

Description

Time

  • Played on: March 17, 2019, 2:36 a.m.
  • Length: 9:28

All games in this series

Show
View Real Time Build Order
Export as new Build Order

Scarlett Zerg 

Build Orders: Pool First, Roach Nydus 

Get SALT Encoding   

  12  0:00  Drone  
  13  0:09  Drone  
  14  0:14  Drone, Extractor  
  14  0:31  Spawning Pool  
  14  0:35  Drone  
  14  0:44  Overlord  
  14  0:51  Extractor  
  14  0:52  Drone  
  15  1:03  Drone  
  16  1:18  Metabolic Boost  
  16  1:19  Zergling x6  
  19  1:29  Zergling x2  
  20  1:38  Queen  
  22  1:52  Hatchery  
  21  1:59  Overlord  
  21  2:03  Drone  
  22  2:17  Queen  
  22  2:22  Drone x2  
  24  2:29  Drone  
  25  2:35  Overlord  
  25  2:54  Drone  
  25  2:55  Queen  
  28  3:04  Drone x4  
  34  3:15  Drone  
  34  3:16  Drone  
  34  3:17  Lair  
  34  3:23  Roach Warren  
  34  3:25  Extractor  
  32  3:29  Drone  
  32  3:32  Drone  
  34  3:38  Queen  
  34  3:47  Overlord  
  34  3:48  Drone x2  
  36  3:54  Zergling x4  
  38  4:03  Zergling x2  
  38  4:04  Zergling x2  
  38  4:05  Overlord  
  38  4:08  Overlord  
  40  4:15  Nydus Network  
  39  4:21  Roach  
  39  4:23  Roach  
  43  4:25  Overseer  
  43  4:29  Roach  
  45  4:31  Roach  
  47  4:40  Roach  
  47  4:42  Roach  
  51  4:46  Zergling x4  
  51  4:52  Nydus Canal  
  53  5:06  Zergling x12  
  59  5:13  Nydus Canal  
  56  5:23  Nydus Canal  
  55  5:28  Roach  
  55  5:29  Roach  
  55  5:32  Overlord  
  58  5:35  Overlord  
  58  5:36  Queen  
  51  5:45  Drone x3  
  50  5:53  Nydus Canal  
  50  5:56  Drone x2  
  50  6:00  Drone  
  50  6:01  Glial Reconstitution  
  50  6:05  Drone  
  52  6:12  Drone  
  52  6:15  Overseer  
  52  6:16  Drone  
  52  6:23  Overlord  
  52  6:27  Drone, Hatchery  
  52  6:30  Queen  
  54  6:35  Drone  
  54  6:39  Drone  
  56  6:49  Drone x5  
  56  6:51  Drone x2  
  63  7:08  Drone x3  
  66  7:11  Extractor  
  66  7:12  Drone  
  66  7:13  Evolution Chamber x2  
  66  7:14  Drone x3  
  67  7:16  Extractor  
  67  7:17  Drone  
  67  7:18  Spore Crawler  
  67  7:22  Drone x2  
  68  7:23  Drone  
  68  7:25  Overlord  
  69  7:34  Roach x2  
  69  7:36  Queen  
  75  7:43  Drone x2  
  77  7:44  Roach x2  
  77  7:46  Ravager x3  
  77  7:48  Roach  
  86  7:55  Overlord  
  86  7:58  Drone x4  
  90  8:01  Roach x2  
  90  8:04  Overlord  
  94  8:10  Overlord  
  94  8:16  Ravager x4  
  94  8:18  Roach  
  100  8:20  Queen  
  100  8:23  Overlord x2  
  102  8:38  Roach x8  
  111  8:41  Roach x2  
  111  8:47  Roach  
  111  8:48  Roach  
  112  8:55  Roach x4  
Show
View Real Time Build Order
Export as new Build Order

Maru Terran - Winner!

Build Orders:  

Get SALT Encoding   

  12  0:00  SCV  
  13  0:12  SCV  
  14  0:18  Supply Depot  
  14  0:25  SCV  
  15  0:41  Barracks  
  15  0:51  Barracks  
  15  0:54  SCV  
  16  1:05  Refinery  
  16  1:06  SCV  
  17  1:18  SCV  
  18  1:27  Marine  
  18  1:30  Orbital Command  
  19  1:39  Marine  
  20  1:40  Supply Depot  
  20  1:45  Marine  
  20  1:55  SCV  
  21  2:04  Factory  
  21  2:08  SCV  
  21  2:20  SCV  
  21  2:32  SCV  
  21  2:44  SCV, Command Center  
  21  2:50  Hellion  
  24  2:56  SCV  
  25  3:01  Starport  
  25  3:11  Hellion  
  25  3:12  Marine  
  28  3:14  Marine  
  28  3:19  Supply Depot  
  29  3:21  SCV  
  30  3:30  Marine  
  31  3:35  Refinery  
  31  3:40  Marine, SCV  
  33  3:43  Starport Tech Lab  
  33  3:53  SCV  
  34  3:56  Factory Tech Lab  
  34  4:00  Marine  
  35  4:04  Banshee  
  35  4:05  SCV  
  39  4:12  Orbital Command  
  39  4:16  Siege Tank  
  42  4:17  SCV  
  42  4:22  Supply Depot  
  43  4:28  Marine x2  
  43  4:29  SCV  
  46  4:34  Liberator, Supply Depot  
  46  4:38  SCV  
  47  4:41  SCV  
  48  4:50  SCV  
  50  4:53  SCV  
  50  4:54  Marine x2  
  53  5:01  Siege Tank  
  53  5:02  SCV  
  53  5:05  SCV  
  58  5:07  Supply Depot  
  58  5:08  Bunker  
  58  5:14  SCV  
  58  5:17  SCV  
  58  5:18  Marine x2  
  62  5:26  SCV  
  63  5:30  SCV  
  61  5:36  Engineering Bay, Marine x2  
  61  5:38  SCV  
  61  5:42  SCV  
  58  5:51  SCV  
  58  5:54  Marine, SCV  
  58  5:55  Medivac  
  62  6:03  SCV  
  58  6:05  Barracks Tech Lab  
  58  6:06  SCV  
  58  6:09  Siege Tank  
  62  6:15  SCV  
  62  6:16  Barracks Reactor  
  62  6:18  SCV  
  64  6:26  Refinery, Marine  
  64  6:27  Barracks, SCV  
  64  6:28  Stimpack  
  64  6:30  SCV  
  67  6:38  Barracks  
  67  6:39  SCV  
  68  6:40  Barracks, Engineering Bay  
  68  6:42  SCV  
  68  6:45  Marauder  
  68  6:46  Supply Depot  
  71  6:51  SCV  
  72  6:54  Marine x2, SCV  
  72  6:55  Starport Reactor  
  75  7:03  SCV  
  75  7:06  SCV  
  77  7:09  Terran Infantry Weapons Level 1  
  77  7:11  Supply Depot  
  77  7:15  SCV, Supply Depot  
  78  7:18  SCV  
  78  7:19  Siege Tank  
  82  7:24  Marine x4  
  86  7:32  Marine, SCV  
  86  7:34  SCV, Supply Depot  
  89  7:39  Combat Shield, Marine  
  89  7:42  Marine x2  
  89  7:43  Marine x2  
  94  7:44  SCV  
  94  7:47  Medivac  
  97  7:59  SCV  
  97  8:01  Marauder x2  
  97  8:02  Supply Depot  
  97  8:03  Supply Depot  
  102  8:05  Marine  
  102  8:07  Marine  
  104  8:19  Medivac  
  106  8:21  Marine x2  
  106  8:22  Marauder  
  106  8:24  Marauder, Marine  
  113  8:29  Concussive Shells  
  110  8:34  Marine  
  110  8:35  SCV  
  110  8:38  Medivac  
  110  8:39  Marine, SCV  
  110  8:40  Marine  
  113  8:43  Marine  
  113  8:44  Marauder  
  113  8:46  Marauder  
  118  8:52  Marine  
  116  8:57  Medivac, Marine  
  116  8:58  Marine  
  116  9:01  Refinery, Supply Depot  
  120  9:04  Marine  
  120  9:05  Marauder  
  120  9:06  Marine  
  120  9:10  Marine  
Tags
 
Add a new tag
Caveats
  • Supply blocks, unpowered buildings, or Contaminate may cause inaccurate times.
  • Supply counts are checked every 10 seconds.